 Dungeon Crawl Stone Soup version 0.24.1-8-ga250c9d538 (webtiles) character file.

Game seed: 2832755633203743968, levelgen mode: deterministic

56 FTLSpaceWarp the Sneak (level 3, -2/18 HPs)
             Began as a Spriggan Assassin on May 3, 2020.
             Slain by a gnoll
             ... wielding a +0 whip
              (9 damage)
             ... on level 2 of the Dungeon.
             The game lasted 00:03:35 (1455 turns).

FTLSpaceWarp the Sneak (Spriggan Assassin)          Turns: 1455, Time: 00:03:35

Health: -2/18      AC:  3    Str:  7    XL:     3   Next: 69%
Magic:  4/4        EV: 17    Int: 12    God:
Gold:   51         SH:  0    Dex: 18    Spells: 2/2 levels left

rFire    . . .     SeeInvis +   a - +2 dagger
rCold    . . .     Gourm    .   (shield restricted)
rNeg     . . .     Faith    .   b - +0 robe
rPois    .         Spirit   .   (helmet restricted)
rElec    .         Reflect  .   c - +0 cloak
rCorr    .         Harm     .   (gloves unavailable)
MR       .....                  (boots unavailable)
Stlth    ++++......             (no amulet)
HPRegen  0.06/turn              (no ring)
MPRegen  0.09/turn              (no ring)

@: very quick
A: very small, unfitting armour, see invisible, herbivore, speed 3, slow
metabolism 2
a: no special abilities


You were on level 2 of the Dungeon.
You were not hungry.

You visited 1 branch of the dungeon, and saw 2 of its levels.

You collected 51 gold pieces.

Inventory:

Hand Weapons
 a - a +2 dagger (weapon)
 m - a +3 dagger of flaming
Missiles
 e - a curare-tipped dart (quivered)
Armour
 b - a +0 robe (worn)
 c - a +0 cloak (worn)
Scrolls
 j - 2 scrolls of identify
 n - a scroll of remove curse {unknown}
 p - a scroll of enchant weapon {unknown}
Potions
 i - a potion of cancellation {unknown}
 k - 2 potions of curing
 l - a potion of haste {unknown}
 o - a potion of degeneration {unknown}
 q - a potion of mutation {unknown}
Comestibles
 f - 5 rations


   Skills:
 - Level 1.5 Fighting
 + Level 2.4 Short Blades
 + Level 2.1 Throwing
 + Level 1.9 Dodging
 * Level 7.9 Stealth


You had 2 spell levels left.
You didn't know any spells.
Your spell library was empty.

Dungeon Overview and Level Annotations

Branches:
Dungeon (2/15)

Altars:
Uskayaw


Innate Abilities, Weirdness & Mutations

You are very small and have problems with some larger weapons.
You are too small for most types of armour.
You have supernaturally acute eyesight. (SInv)
You are a herbivore.
You cover ground extremely quickly.
You need to consume almost no food.


Message History

Throwing (i - inventory. (/) - cycle)
d - a poisoned dart (quivered)
Press: ? - help, Shift-Dir - straight line, f/p - gnoll
Aim: a gnoll (heavily wounded)
You throw a poisoned dart. The poisoned dart hits the gnoll.
The gnoll is poisoned.
The gnoll is heavily wounded.
You see here a bat corpse.
The gnoll completely misses you.
You kill the gnoll!
Throwing (i - inventory)
e - 2 curare-tipped darts (quivered)
Press: ? - help, Shift-Dir - straight line, f - gnoll
Aim: a gnoll, wielding a +0 whip You throw a curare-tipped dart.
The curare-tipped dart hits the gnoll.
The gnoll is poisoned.
The gnoll convulses.
The gnoll seems to slow down.
The gnoll is severely wounded.
You barely miss the gnoll.
The gnoll is almost dead.
The gnoll hits you with a +0 whip!
Ouch! That really hurt!
You die...

#######.....(##......+....####...
# #......##......##..........
######.##......##.#...#####
#†##......##.#.<.#
#.##...#####.#...# #(##...# #
#...# #####(##...# #...#####
#..........# #........
#.......g@.## #........
#..........##. #........
#....†..#####.. #........
#....†..# #... #........
#.......# #....#...#####
#.....(.# #.............
#...)...# #...##########
#.......# #.. #.......# #.


You could see a gnoll.

Vanquished Creatures
  2 gnolls (D:2)
  An adder (D:2)
  A leopard gecko (D:1)
  A ball python (D:1)
  A giant cockroach (D:1)
  4 goblins
  A hobgoblin (D:2)
  A kobold (D:1)
  9 bats
  6 rats
27 creatures vanquished.

Notes
Turn   | Place    | Note
-------+----------+-------------------------------------------
     0 | D:1      | FTLSpaceWarp the Spriggan Assassin began the quest for the
                  | Orb.
     0 | D:1      | Reached XP level 1. HP: 10/10 MP: 2/2
   108 | D:1      | Reached skill level 6 in Stealth
   532 | D:1      | Reached XP level 2. HP: 14/14 MP: 3/3
  1000 | D:2      | Reached skill level 7 in Stealth
  1206 | D:2      | Reached XP level 3. HP: 18/18 MP: 4/4
  1356 | D:2      | Found a hide-covered altar of Uskayaw.
  1455 | D:2      | Slain by a gnoll

Levels and vault maps discovered:
D:1:      beargit_arrival_greenhouse, layout_loops_corners
D:2:      layout_basic, eat_drink_and_be_merry_uskayaw

Skill      XL: |  1  2 |
---------------+-------+-----
Stealth        | 6 7 |  7.9
Fighting       | |  1.5
Short Blades   | |  2.4
Throwing       | |  2.1
Dodging        | |  1.9

Action                   || total
-------------------------++-------
Melee: Dagger            ||    72
Throw: Dart              ||    11
  Use: Scroll            ||     3
 Stab: Sleeping          ||    12
Armor: Robe              ||    16
Dodge: Dodged            ||    93
